 Dungeon Crawl Stone Soup version 0.26.1-2-gb8aa6d0cf2 (webtiles) character file.

Game seed: 3045146304540923574

103 MacCMillion the Chopper (level 4, -1/41 HPs)
             Began as a Minotaur Berserker on Mar 12, 2021.
             Was a Believer of Trog.
             Slain by a gnoll
             ... wielding a +0 halberd
              (11 damage)
             ... on level 2 of the Dungeon.
             The game lasted 00:16:50 (1753 turns).

MacCMillion the Chopper (Minotaur Berserker)        Turns: 1753, Time: 00:16:51

Health: -1/41      AC:  2    Str: 22    XL:     4   Next: 51%
Magic:  3/3        EV:  6    Int:  4    God:    Trog [**....]
Gold:   76         SH:  0    Dex: 10    Spells: 3/3 levels left

rFire    . . .     SeeInvis .   a - +0 hand axe
rCold    . . .     Faith    .   (no shield)
rNeg     . . .     Spirit   .   b - +0 animal skin
rPois    .         Reflect  .   (helmet restricted)
rElec    .         Harm     .   (no cloak)
rCorr    .         Rampage  .   (no gloves)
Will     .....                  (no boots)
Stlth    +.........             (no amulet)
HPRegen  0.13/turn              (no ring)
MPRegen  0.08/turn              (no ring)

@: held
A: retaliatory headbutt, horns 2
a: Renounce Religion, Berserk, Trog's Hand


You were on level 2 of the Dungeon.
You worshipped Trog.
Trog was pleased with you.
You visited 1 branch of the dungeon, and saw 2 of its levels.

You collected 76 gold pieces.

Inventory:

Hand Weapons
 a - a +0 hand axe (weapon)
Missiles
 l - 16 stones
Armour
 b - a +0 animal skin (worn)
 m - a cursed +0 pair of boots
Scrolls
 d - a scroll of random uselessness {unknown}
 e - a scroll of magic mapping {unknown}
 f - 2 scrolls of teleportation {unknown}
 g - a scroll of enchant armour {unknown}
 h - 4 scrolls of identify {unknown}
 j - a scroll of remove curse {unknown}
 k - a scroll of fear {unknown}
Potions
 c - a potion of curing {unknown}
 i - a potion of heal wounds {unknown}


   Skills:
 + Level 4.6 Fighting
 * Level 5.1 Axes
 + Level 2.9 Armour
 + Level 2.7 Dodging
 - Level 0.2 Stealth


You had 3 spell levels left.
You didn't know any spells.
Your spell library was empty.

Dungeon Overview and Level Annotations

Branches:
Dungeon (2/15)

Altars:
Cheibriados
The Shining One


Innate Abilities, Weirdness & Mutations

You reflexively headbutt those who attack you in melee.
You have a pair of horns on your head.


Message History

The gnoll shouts!
You hear a shout!
The gnoll throws a throwing net.
The throwing net hits you.
You become entangled in the net!
You hear a shout!
A gnoll comes into view. It is wielding a +0 halberd.
You struggle against the net.
You tear a large gash into the net.
You rip the net and break free!
The gnoll closely misses you.
The gnoll hits you from afar with a +0 halberd!
You barely miss the gnoll.
A gnoll comes into view. It is wielding a +0 spear.
The gnoll hits you with a +0 flail!
The gnoll hits you from afar with a +0 halberd!
* * * LOW HITPOINT WARNING * * *
The gnoll throws a throwing net.
The throwing net hits you.
You become entangled in the net!
You see here a throwing net.
You struggle against the net.
The gnoll hits you from afar with a +0 halberd!
You die...

#....... #.....####..
###### #.. ######### #..
#######.......# ##.
.........####.# #..
#######..####.# #..
############....##.# #..
#......g@..........# #..
#...g.g.###..##.##.####..
#...#...# #..............
#.. ##... #..............
# #....##...####.......
.....>....####.####..
......###.......###...
###........†..#####....
#.##...#..#.# ##...


You could see 3 gnolls.

Vanquished Creatures
  3 gnolls
  An adder (D:2)
  2 oozes
  2 worms (D:2)
  A dart slug (D:2)
  A leopard gecko (D:1)
  4 giant cockroaches
  5 goblins
  8 hobgoblins
  2 jackals (D:1)
  6 bats (D:1)
  3 frilled lizards
  5 kobolds
  7 rats
50 creatures vanquished.

Notes
Turn   | Place    | Note
-------+----------+-------------------------------------------
     0 | D:1      | MacCMillion the Minotaur Berserker began the quest for the
                  | Orb.
     0 | D:1      | Reached XP level 1. HP: 19/19 MP: 0/0
    21 | D:1      | Found a snail-covered altar of Cheibriados.
    92 | D:1      | Reached XP level 2. HP: 27/27 MP: 1/1
   115 | D:1      | Reached skill level 4 in Axes
   821 | D:1      | Reached XP level 3. HP: 33/33 MP: 2/2
   880 | D:1      | Reached ** piety under Trog
  1249 | D:2      | Reached XP level 4. HP: 34/41 MP: 3/3
  1452 | D:2      | Reached skill level 5 in Axes
  1615 | D:2      | Found a glowing golden altar of the Shining One.
  1753 | D:2      | Slain by a gnoll

Illustrated notes

Levels and vault maps discovered:
D:1:      lightli_arrival_flooded_house, layout_rooms, cheibriados_altar_1
D:2:      layout_loops_cross, lemuel_crystal_altar

Skill      XL: |  1  2  3  4 |
---------------+-------------+-----
Axes           | 4 5 |  5.1
Fighting       | 4 |  4.6
Armour         | |  2.9
Dodging        | |  2.7
Stealth        | |  0.2

Action                   |  1- 3 |  4- 6 || total
-------------------------+-------+-------++-------
Melee: Hand axe          |    55 |    30 ||    85
       Headbutt          |    11 |     7 ||    18
Invok: Berserk           |     1 |       ||     1
 Stab: Sleeping          |       |     1 ||     1
Armor: Animal skin       |     7 |     1 ||     8
Dodge: Dodged            |    49 |    10 ||    59
